Map: Carnage sur Korhal EC

Players

Natirium

  • Race: Zerg Zerg
  • League: Gold

TheObcd - Winner!

  • Race: Protoss Protoss
  • League: Gold

VOD

Have the link to the VOD?

Description

Time

  • Played on: May 6, 2016, 2:10 a.m.
  • Length: 5:57
Show
View Real Time Build Order
Export as new Build Order

Natirium Zerg 

Build Orders: Hatch First 

Get SALT Encoding   

  12  0:01  Drone  
  13  0:08  Drone  
  14  0:21  Overlord  
  14  0:25  Drone, Extractor  
  14  0:27  Extractor  
  13  0:29  Drone  
  16  0:41  Drone  
  17  0:55  Hatchery  
  16  1:01  Drone x2  
  18  1:14  Spawning Pool  
  18  1:18  Drone  
  18  1:43  Extractor  
  18  1:44  Drone  
  18  1:46  Hatchery  
  17  2:01  Queen  
  17  2:07  Queen  
  21  2:15  Zergling x4  
  23  2:27  Zergling x2  
  23  2:28  Zergling x4  
  21  2:59  Zergling x6  
  21  3:01  Zergling x6  
  21  3:02  Zergling x2  
  28  3:08  Metabolic Boost  
  26  3:16  Zergling x4  
  25  3:28  Drone  
  25  3:29  Drone  
  25  3:33  Zergling x2  
  24  3:40  Zergling x4  
  24  4:01  Zergling x2  
  24  4:02  Zergling x6  
  27  4:07  Roach Warren  
  23  4:11  Zergling x2  
  16  4:32  Zergling x2  
Show
View Real Time Build Order
Export as new Build Order

TheObcd Protoss - Winner!

Build Orders: Mass Adepts 

Get SALT Encoding   

  12  0:10  Pylon  
  12  0:13  Probe (Chrono Boost)  
  13  0:29  Gateway  
  13  0:32  Probe (Chrono Boost)  
  14  0:43  Probe (Chrono Boost)  
  14  0:49  Assimilator  
  15  0:53  Probe (Chrono Boost)  
  17  1:04  Probe (Chrono Boost)  
  17  1:16  Gateway  
  17  1:19  Cybernetics Core  
  17  1:25  Zealot (Chrono Boost)  
  19  1:48  Zealot (Chrono Boost)  
  19  1:50  Pylon  
  21  1:55  Mothership Core (Chrono Boost)  
  23  2:08  Adept  
  25  2:19  Pylon  
  25  2:21  Pylon  
  25  2:27  Pylon  
  25  2:32  Adept  
  27  2:47  Adept  
  27  2:59  Adept  
  29  3:14  Adept  
  31  3:26  Adept, Gateway  
  31  3:41  Adept  
  31  3:53  Adept  
  32  4:08  Adept  
  34  4:13  Assimilator  
  34  4:20  Adept  
  36  4:30  Adept  
  38  4:35  Adept  
  38  4:42  Probe (Chrono Boost)  
Tags
 
Add a new tag
Caveats
  • Supply blocks, unpowered buildings, or Contaminate may cause inaccurate times.
  • Supply counts are checked every 10 seconds.